 Dungeon Crawl Stone Soup version 0.21-a0-440-g28109cb (webtiles) character file.

918 kae the Cleaver (level 8, -1/71 HPs)
             Began as a Hill Orc Fighter on Nov 11, 2017.
             Was an Initiate of Okawaru.
             Slain by an orc warrior
             ... wielding a cursed -3 short sword
              (8 damage)
             ... on level 6 of the Dungeon.
             The game lasted 00:06:01 (4561 turns).

kae the Cleaver (Hill Orc Fighter)                  Turns: 4561, Time: 00:06:02

Health: -1/71      AC: 11    Str: 21    XL:     8   Next: 9%
Magic:  8/8        EV:  7    Int: 11    God:    Okawaru [......]
Gold:   251        SH:  0    Dex: 10    Spells: 7/7 levels left

rFire    . . .     SeeInvis .   y - +0 battleaxe
rCold    + . .     Gourm    .   (shield currently unavailable)
rNeg     . . .     Faith    .   x - +0 chain mail (curse)
rPois    .         Spirit   .   l - +0 helmet
rElec    .         Reflect  .   (no cloak)
rCorr    .         Harm     .   (no gloves)
MR       .....                  B - +0 pair of boots
Stlth    ..........             (no amulet)
HPRegen  0.21/turn              u - ring of protection from cold
MPRegen  0.11/turn              w - +3 ring of intelligence

@: heavily drained
A: no striking features
a: Renounce Religion


You were on level 6 of the Dungeon.
You worshipped Okawaru.
Okawaru was noncommittal.
You were not hungry.

You visited 2 branches of the dungeon, and saw 7 of its levels.

You collected 277 gold pieces.
You spent 26 gold pieces at shops.

Inventory:

Hand Weapons
 a - a +1 war axe
 q - a +0 war axe
 y - a +0 battleaxe (weapon)
Armour
 c - a +0 shield
 l - a +0 helmet (worn)
 x - a cursed +0 chain mail (worn)
 B - a +0 pair of boots (worn)
Jewellery
 u - a ring of protection from cold (left hand)
 w - a +3 ring of intelligence (right hand)
Wands
 t - a wand of confusion (22/48)
Scrolls
 b - 2 scrolls of fear
 g - 3 scrolls of teleportation
 i - 2 scrolls of amnesia
 o - 3 scrolls of enchant weapon
 D - a scroll of recharging
Potions
 d - a potion of might
 e - 2 potions of heal wounds
 j - a potion of agility
 k - a potion of mutation
 m - 3 potions of curing
 p - a potion of resistance
 r - a potion of magic {unknown}
 s - 2 potions of lignification {unknown}
 z - a potion of degeneration {unknown}
 A - a potion of flight
Books
 C - a book of Callings

   Spells                             Type                      Level
   a - Summon Small Mammal            Summoning                    1
   b - Call Imp                       Summoning                    2
   c - Call Canine Familiar           Summoning                    3
   d - Summon Guardian Golem          Hexes/Summoning              3
   e - Summon Lightning Spire         Summoning/Air                4
   f - Summon Ice Beast               Ice/Summoning                4
Comestibles
 f - 5 bread rations
 h - 2 meat rations
 v - 2 royal jellies


   Skills:
 + Level 6.4(3.7) Fighting
 * Level 8.7(5.9) Axes
 + Level 5.8(3.2) Armour
 - Level 3.2(0.8) Shields
 + Level 1.0(0.0) Invocations


You had 7 spell levels left.
You didn't know any spells.

Dungeon Overview and Level Annotations

Branches:
Dungeon (6/15)             Temple (1/1) D:5

Altars:
Ashenzari
Cheibriados
Dithmenos
Elyvilon
Fedhas
Gozag
Hepliaklqana
Kikubaaqudgha
Makhleb
Nemelex Xobeh
Okawaru
Qazlal
Ru
Sif Muna
Trog
Uskayaw
Vehumet
Wu Jian
Xom
Yredelemnul
Zin
The Shining One

Shops:
D:4 =


Message History

The orc hits you but does no damage.
The orc warrior hits you with an enchanted short sword.
Your chain mail prevents you from hitting the orc warrior.
The orc warrior is almost dead.
You barely miss the orc. The orc barely misses you.
The orc warrior hits you but does no damage.
You closely miss the orc warrior.
The orc warrior is almost dead.
You barely miss the orc. The orc hits you but does no damage.
The orc warrior hits you with an enchanted short sword.
* * * LOW HITPOINT WARNING * * *
The orc hits you with a club.
* * * LOW HITPOINT WARNING * * *
You closely miss the orc warrior.
The orc warrior is almost dead.
You hit the orc.
The orc warrior hits you with an enchanted short sword!
* * * LOW HITPOINT WARNING * * *
The orc warrior hits you with an enchanted short sword!
You die...

............#
...........#
.##..........#
.............
....$......#
...........###
......)oo....#
#.)@.....#
.####........#
.........#####
.........#######
...............#
..?.##.........#
....##.........#
...........)...###
...........#.....#


You could see an orc warrior and an orc.

Vanquished Creatures
  Edmund (D:5)
  2 ice beasts (D:5)
  A bullfrog (D:4)
  A howler monkey (D:6)
  2 crimson imps
  A bullfrog skeleton (D:5)
  5 orc wizards
  An iguana (D:5)
  Ijyb (D:3)
  A worker ant (D:5)
  2 hound skeletons (D:5)
  3 adders
  3 gnolls (D:4)
  2 shadow imps (D:5)
  2 oozes
  2 worms
  2 dart slugs (D:4)
  2 leopard geckos
  17 orcs
  2 giant cockroaches
  11 goblins
  9 hobgoblins
  2 jackals (D:3)
  7 kobolds
  3 quokkas
  3 ball pythons
  9 bats
  2 frilled lizards
  A leopard gecko skeleton (D:4)
  9 rats
109 creatures vanquished.

Notes
Turn   | Place    | Note
-------+----------+-------------------------------------------
     0 | D:1      | kae the Hill Orc Fighter began the quest for the Orb.
     0 | D:1      | Reached XP level 1. HP: 19/19 MP: 1/1
    48 | D:1      | Reached skill level 3 in Axes
    62 | D:1      | Reached XP level 2. HP: 21/27 MP: 2/2
   385 | D:1      | Reached XP level 3. HP: 31/33 MP: 3/3
   773 | D:1      | Reached skill level 4 in Axes
  1407 | D:3      | Reached XP level 4. HP: 40/40 MP: 4/4
  1485 | D:3      | Reached skill level 5 in Axes
  1485 | D:3      | Reached XP level 5. HP: 22/47 MP: 5/5
  1834 | D:3      | Noticed Ijyb
  1849 | D:3      | Killed Ijyb
  2891 | D:4      | Reached skill level 6 in Axes
  2891 | D:4      | Reached XP level 6. HP: 55/55 MP: 6/6
  2893 | D:4      | Reached skill level 5 in Fighting
  3105 | D:4      | Found Zuxeanash's Jewellery Boutique.
  3108 | D:4      | Bought a cursed amulet of inaccuracy for 26 gold pieces
  3151 | D:5      | Entered Level 5 of the Dungeon
  3198 | D:5      | Found a glowing golden altar of the Shining One.
  3199 | D:5      | Found a stormy altar of Qazlal.
  3199 | D:5      | Found a sparkling altar of Nemelex Xobeh.
  3199 | D:5      | Found a shimmering altar of Xom.
  3199 | D:5      | Noticed an ice beast
  3206 | D:5      | Killed an ice beast
  3206 | D:5      | Reached skill level 7 in Axes
  3206 | D:5      | Reached skill level 5 in Armour
  3206 | D:5      | Reached XP level 7. HP: 56/61 MP: 7/7
  3631 | D:5      | Noticed Edmund
  3651 | D:5      | Killed Edmund
  3651 | D:5      | Reached skill level 8 in Axes
  4002 | D:5      | Found a staircase to the Ecumenical Temple.
  4011 | Temple   | Entered the Ecumenical Temple
  4216 | Temple   | Became a worshipper of Warmaster Okawaru
  4256 | D:5      | Found an iron altar of Okawaru.
  4536 | D:6      | Reached XP level 8. HP: 71/71 MP: 8/8
  4558 | D:6      | Reached skill level 1 in Invocations
  4561 | D:6      | Slain by an orc warrior

Vault maps used:
D:1:      lightli_arrival_noodles, grunt_decor_arrowhead,
          minmay_misc_feat_more_columns
D:3:      uniq_ijyb
D:4:      serial_shops, kennysheep_mini, lemuel_old_faithful
D:5:      grunt_temple_overflow_open, temple_fountains, first_bread,
          kennysheep_okawaru_gauntlet, uniq_edmund
D:6:      bh_walls_and_bars, uniq_menkaure
Temple:   hc_temple_tempest_star

Skill      XL: |  1  2  3  4  5  6  7  8 |
---------------+-------------------------+-----
Axes           | 3 4 5 6 7 8 |  8.7
Fighting       | 4 5 6 |  6.4
Armour         | 4 5 |  5.8
Invocations    | 1 |  1.0
Shields        | |  3.2

Action                   |  1- 3 |  4- 6 |  7- 9 || total
-------------------------+-------+-------+-------++-------
Melee: War axe           |   148 |    88 |       ||   236
       Battleaxe         |       |    60 |   101 ||   161
  Use: Scroll            |     5 |     6 |     1 ||    12
       Potion            |       |       |     1 ||     1
  Eat: Chunk             |     2 |     6 |     4 ||    12
Armor: Scale mail        |   105 |    28 |       ||   133
       Chain mail        |       |    67 |    80 ||   147
Dodge: Dodged            |    59 |    55 |    52 ||   166
Block: Shield            |    92 |    51 |       ||   143

Table legend:
 A = Spawn XP
 B = Non-spawn XP
 C = Spawn XP percentage of total XP
 D = Spawn monster count
 E = Non-spawn monster count
 F = Spawn count percentage of total count
 G = Total turns spent on level
                    A         B        C        D         E        F      G
               +---------+---------+-------+---------+---------+-------+---------
         Total |       0 |    1312 |   0.0 |       0 |     109 |   0.0 |  4561
               +---------+---------+-------+---------+---------+-------+---------
           D:1 |       0 |      51 |   0.0 |       0 |      28 |   0.0 |   886
           D:2 |       0 |      26 |   0.0 |       0 |      14 |   0.0 |   497
           D:3 |       0 |     175 |   0.0 |       0 |      24 |   0.0 |   988
           D:4 |       0 |     173 |   0.0 |       0 |      13 |   0.0 |   780
           D:5 |       0 |     772 |   0.0 |       0 |      23 |   0.0 |  1167
           D:6 |       0 |     115 |   0.0 |       0 |       7 |   0.0 |    30
               +---------+---------+-------+---------+---------+-------+---------
